Map: Proxima Station LE

Players

TheNewLife

  • Race: Zerg Zerg
  • League: Diamond
  • Spawn Location: 1:00

PlzDontHitMe - Winner!

  • Race: Protoss Protoss
  • League: Diamond
  • Spawn Location: 7:00

VOD

Have the link to the VOD?

Description

Time

  • Played on: Feb. 11, 2017, 4:45 p.m.
  • Length: 11:33
Show
View Real Time Build Order
Export as new Build Order

TheNewLife Zerg 

Build Orders: Hatch First, Roach Nydus 

Get SALT Encoding   

  12  0:01  Drone  
  13  0:12  Overlord  
  13  0:17  Drone  
  14  0:31  Drone x2  
  14  0:34  Drone  
  17  0:54  Hatchery  
  16  0:58  Drone  
  17  1:06  Drone  
  18  1:12  Extractor  
  18  1:16  Spawning Pool  
  16  1:19  Drone  
  16  1:24  Drone  
  18  1:30  Drone  
  19  1:39  Overlord  
  19  1:50  Drone  
  20  2:00  Hatchery  
  19  2:20  Roach Warren  
  18  2:27  Drone x2  
  20  2:30  Queen, Extractor  
  20  2:45  Drone x3  
  23  2:57  Drone  
  24  3:06  Queen  
  24  3:09  Roach  
  28  3:15  Roach  
  28  3:17  Queen  
  32  3:21  Roach  
  34  3:28  Roach  
  34  3:32  Overlord  
  36  3:50  Queen  
  36  3:53  Ravager x3  
  36  3:55  Ravager  
  40  4:07  Overlord  
  37  4:20  Overlord  
  37  4:34  Lair  
  37  4:39  Roach x5  
  47  4:55  Roach  
  49  5:06  Ravager x3  
  52  5:08  Roach  
  52  5:11  Overlord  
  54  5:41  Nydus Network  
  53  5:55  Queen  
  55  6:08  Roach  
  55  6:09  Roach x2  
  55  6:10  Overlord  
  61  6:20  Nydus Canal  
  61  6:25  Overlord  
  61  6:33  Zergling x2  
  61  6:34  Nydus Canal, Zergling x6  
  65  6:51  Zergling x2  
  60  7:09  Roach x2  
  64  7:21  Roach  
  66  7:58  Roach  
  66  7:59  Ravager  
  66  8:00  Ravager  
  58  8:29  Roach  
  58  8:30  Roach x2  
  58  8:31  Ravager x4  
  59  9:06  Spore Crawler  
  59  9:07  Spore Crawler  
  59  9:08  Spine Crawler, Spore Crawler  
  53  9:10  Spore Crawler  
  53  9:12  Spore Crawler  
  53  9:16  Spore Crawler  
  47  9:17  Spore Crawler  
  34  9:37  Hatchery  
  32  10:36  Hatchery  
Show
View Real Time Build Order
Export as new Build Order

PlzDontHitMe Protoss - Winner!

Build Orders: Cannon Rush 

Get SALT Encoding   

  12  0:01  Probe (Chrono Boost)  
  13  0:12  Probe (Chrono Boost)  
  14  0:22  Probe (Chrono Boost)  
  14  0:25  Pylon  
  15  0:43  Probe (Chrono Boost)  
  15  0:46  Forge  
  16  0:54  Probe (Chrono Boost)  
  18  1:04  Probe (Chrono Boost), Pylon  
  18  1:15  Probe (Chrono Boost)  
  19  1:23  Photon Cannon  
  19  1:26  Probe (Chrono Boost)  
  20  1:37  Probe (Chrono Boost)  
  21  1:47  Probe (Chrono Boost)  
  21  1:48  Photon Cannon  
  21  1:53  Photon Cannon  
  22  2:04  Probe (Chrono Boost)  
  23  2:12  Assimilator  
  23  2:14  Gateway  
  23  2:15  Photon Cannon  
  23  2:17  Assimilator  
  23  2:19  Pylon  
  23  2:32  Probe (Chrono Boost)  
  24  2:43  Photon Cannon  
  24  2:49  Probe (Chrono Boost)  
  25  2:58  Photon Cannon  
  25  3:00  Probe (Chrono Boost), Photon Cannon  
  26  3:13  Probe (Chrono Boost), Cybernetics Core  
  27  3:26  Photon Cannon  
  27  3:43  Photon Cannon  
  27  3:44  Photon Cannon  
  27  3:46  Pylon  
  27  3:52  Mothership Core (Chrono Boost)  
  29  4:14  Pylon  
  29  4:21  Nexus  
  29  4:33  Pylon  
  29  4:49  Assimilator  
  29  4:53  Assimilator  
  29  4:59  Stargate  
  29  5:02  Stargate  
  29  5:24  Photon Cannon  
  29  5:25  Pylon  
  29  5:31  Stargate  
  29  5:38  Probe (Chrono Boost)  
  29  5:40  Probe (Chrono Boost)  
  31  5:47  Void Ray  
  31  5:48  Probe (Chrono Boost)  
  36  5:53  Void Ray  
  40  6:02  Pylon  
  40  6:07  Probe (Chrono Boost)  
  41  6:14  Pylon  
  41  6:17  Probe (Chrono Boost)  
  42  6:28  Probe (Chrono Boost)  
  43  6:38  Probe (Chrono Boost)  
  44  6:41  Void Ray  
  48  6:53  Void Ray  
  52  7:06  Photon Cannon  
  52  7:14  Void Ray  
  56  7:30  Void Ray  
  60  7:37  Forge  
  60  7:41  Pylon  
  60  7:58  Void Ray  
  64  8:10  Void Ray  
  68  8:26  Pylon  
  67  8:28  Pylon  
  67  8:31  Pylon  
  67  8:42  Photon Cannon  
  67  8:44  Photon Cannon  
  67  9:15  Void Ray x2  
Tags
 
Add a new tag
Caveats
  • Supply blocks, unpowered buildings, or Contaminate may cause inaccurate times.
  • Supply counts are checked every 10 seconds.